PL
BOSTON PATRIOTS @ PORTLAND EVERGREENS
08/02/2034
 
TOP OF THE 1ST
Boston Patriots batting - Pitching for Portland Evergreens : RHP Jorge Otero
Pitching: RHP Jorge Otero
Batting: LHB Manuel Carmona 0-0: Called Strike
0-1: Foul Ball, location: 2F
0-2: Foul Ball, location: 2F
0-2: Ball
1-2: Foul Ball, location: 2F
1-2: Ball
2-2: Ball
3-2: Strikes out swinging
Batting: SHB Edward Sterrenburg 0-0: Ground out U3 (Groundball, 34)
Batting: LHB Jorge Alejándrez 0-0: Called Strike
0-1: Foul Ball, location: 2F
0-2: Ball
1-2: Fly out, F5 (Popup, 25F)
Top of the 1st over - 0 runs, 0 hits, 0 errors, 0 left on base; Boston 0 - Portland 0
BOTTOM OF THE 1ST
Portland Evergreens batting - Pitching for Boston Patriots : RHP Natalino Golaio
Pitching: RHP Natalino Golaio
Batting: SHB Willie McGirt 0-0: Ball
1-0: Ball
2-0: Ball
3-0: Called Strike
3-1: Base on Balls
Batting: RHB Tae-cho Han 0-0: Called Strike
0-1: Ball
1-1: Called Strike
1-2: Ball
2-2: Fly out, F6 (Line Drive, 56D)
Batting: LHB Chris Payling 0-0: Called Strike
0-1: Fielders Choice at 2nd, 4-6 (Groundball, 4)
Batting: RHB Blaze Alexander 0-0: Ball
1-0: Called Strike
1-1: SINGLE (Flyball, 8LS)
Chris Payling to second
Runner from 2nd tries for 3rd, SAFE, no throw
Batting: SHB Billy Dotson 0-0: Ball
1-0: Foul Ball, location: 2F
1-1: Swinging Strike
1-2: Ball
2-2: Ground out U3 (Groundball, 3)
Bottom of the 1st over - 0 runs, 1 hit, 0 errors, 2 left on base; Boston 0 - Portland 0
TOP OF THE 2ND
Boston Patriots batting - Pitching for Portland Evergreens : RHP Jorge Otero
Batting: RHB Anselmo Berneu 0-0: Ball
1-0: Called Strike
1-1: Ball
2-1: Foul Ball, location: 2F
2-2: Ball
3-2: Strikes out swinging
Batting: RHB Dennis Wacher 0-0: SINGLE (Groundball, 56D)
Batting: LHB Stanley Belote 0-0: Ball
1-0: Ball
2-0: Fly out, F8 (Line Drive, 8RD)
Batting: LHB Adrián Gómez 0-0: Ball
1-0: Ball
2-0: SINGLE (Groundball, 3) (infield hit)
Dennis Wacher to second
Batting: LHB Juan Alvarado 0-0: Ball
1-0: Foul Ball, location: 2F
1-1: Ball
2-1: SINGLE (Groundball, 4MD)
Dennis Wacher to third
Adrián Gómez to second
Runner from 3rd tries for Home, SAFE, no throw
Batting: RHB Francisco Agámez 0-0: Ball
1-0: Ball
2-0: Fielders Choice at 2nd, 6-4 (Groundball, 6)
Top of the 2nd over - 1 run, 3 hits, 0 errors, 2 left on base; Boston 1 - Portland 0
BOTTOM OF THE 2ND
Portland Evergreens batting - Pitching for Boston Patriots : RHP Natalino Golaio
Batting: LHB Shahid Afridi 0-0: Fly out, F9 (Flyball, 9LS)
Batting: RHB Nelson Jaramillo 0-0: Ball
1-0: Foul Ball, location: 2F
1-1: Foul Ball, location: 2F
1-2: Ground out U3 (Groundball, 23)
Batting: LHB John Ennis 0-0: Ball
1-0: Called Strike
1-1: Swinging Strike
1-2: Strikes out swinging
Bottom of the 2nd over - 0 runs, 0 hits, 0 errors, 0 left on base; Boston 1 - Portland 0
TOP OF THE 3RD
Boston Patriots batting - Pitching for Portland Evergreens : RHP Jorge Otero
Batting: LHB Manuel Carmona 0-0: Ball
1-0: Swinging Strike
1-1: Ball
2-1: Foul Ball, location: 2F
2-2: Ball
3-2: Fly out, F7 (Flyball, 78S)
Batting: SHB Edward Sterrenburg 0-0: Called Strike
0-1: Ball
1-1: Ball
2-1: Called Strike
2-2: Fly out, F2 (Popup, 2LF)
Batting: LHB Jorge Alejándrez 0-0: Ball
1-0: Foul Ball, location: 2F
1-1: DOUBLE (Line Drive, 7LM)
Batting: RHB Anselmo Berneu 0-0: Ground out 4-3 (Groundball, 4)
Top of the 3rd over - 0 runs, 1 hit, 0 errors, 1 left on base; Boston 1 - Portland 0
BOTTOM OF THE 3RD
Portland Evergreens batting - Pitching for Boston Patriots : RHP Natalino Golaio
Batting: LHB Calvin Wilms 0-0: Called Strike
0-1: SINGLE (Line Drive, 34)
Batting: SHB Willie McGirt 0-0: Called Strike
0-1: Ball
1-1: SINGLE (Groundball, 4MD)
Calvin Wilms to second
Batting: RHB Tae-cho Han 0-0: Ball
1-0: Ball
2-0: Ball
3-0: Called Strike
3-1: Base on Balls
Calvin Wilms to third
Willie McGirt to second
Batting: LHB Chris Payling 0-0: Called Strike
0-1: Swinging Strike
0-2: Strikes out swinging
Batting: RHB Blaze Alexander 0-0: Ground out U3 (Groundball, 34S)
Calvin Wilms scores
Willie McGirt to third
Tae-cho Han to second
Batting: SHB Billy Dotson 0-0: Ball
1-0: Ball
2-0: Called Strike
2-1: Ball
3-1: Base on Balls
Batting: LHB Shahid Afridi 0-0: Ball
1-0: Ball
2-0: Ball
3-0: Fly out, F4 (Line Drive, 4)
Bottom of the 3rd over - 1 run, 2 hits, 0 errors, 3 left on base; Boston 1 - Portland 1
TOP OF THE 4TH
Boston Patriots batting - Pitching for Portland Evergreens : RHP Jorge Otero
Batting: RHB Dennis Wacher 0-0: Called Strike
0-1: Swinging Strike
0-2: Ball
1-2: Ground out 6-3 (Groundball, 6)
Batting: LHB Stanley Belote 0-0: Ball
1-0: Called Strike
1-1: Ball
2-1: Foul Ball, location: 2F
2-2: Fly out, F9 (Flyball, 9S)
Batting: LHB Adrián Gómez 0-0: Called Strike
0-1: Ball
1-1: Swinging Strike
1-2: SINGLE (Groundball, 6D)
Batting: LHB Juan Alvarado 0-0: Ball
1-0: Ball
2-0: Fly out, F8 (Flyball, 8RD)
Top of the 4th over - 0 runs, 1 hit, 0 errors, 1 left on base; Boston 1 - Portland 1
BOTTOM OF THE 4TH
Portland Evergreens batting - Pitching for Boston Patriots : RHP Natalino Golaio
Batting: RHB Nelson Jaramillo 0-0: Called Strike
0-1: Called Strike
0-2: Ball
1-2: Ball
2-2: Fly out, F6 (Line Drive, 6M)
Batting: LHB John Ennis 0-0: Called Strike
0-1: Swinging Strike
0-2: Ball
1-2: Strikes out swinging
Batting: LHB Calvin Wilms 0-0: Fly out, F4 (Line Drive, 4)
Bottom of the 4th over - 0 runs, 0 hits, 0 errors, 0 left on base; Boston 1 - Portland 1
TOP OF THE 5TH
Boston Patriots batting - Pitching for Portland Evergreens : RHP Jorge Otero
Batting: RHB Francisco Agámez 0-0: Foul Ball, location: 2F
0-1: Ball
1-1: Ball
2-1: Fly out, F7 (Flyball, 7LM)
Batting: LHB Manuel Carmona 0-0: Swinging Strike
0-1: Ball
1-1: Called Strike
1-2: Ball
2-2: Foul Ball, location: 2F
2-2: Foul Ball, location: 2F
2-2: Fly out, F5 (Popup, 5F)
Batting: SHB Edward Sterrenburg 0-0: Ball
1-0: Ground out 4-3 (Groundball, 4)
Top of the 5th over - 0 runs, 0 hits, 0 errors, 0 left on base; Boston 1 - Portland 1
BOTTOM OF THE 5TH
Portland Evergreens batting - Pitching for Boston Patriots : RHP Natalino Golaio
Batting: SHB Willie McGirt 0-0: Ball
1-0: Ball
2-0: Called Strike
2-1: Ball
3-1: Base on Balls
Batting: RHB Tae-cho Han 0-0: Ball
1-0: DOUBLE (Line Drive, 78XD)
Willie McGirt to third
Runner from 3rd tries for Home, SAFE, no throw
Batting: LHB Chris Payling 0-0: Called Strike
0-1: Ground out 3-1 (Groundball, 34S)
Tae-cho Han to third
Batting: RHB Blaze Alexander 0-0: Foul Ball, location: 2F
0-1: Swinging Strike
0-2: Ball
1-2: Fly out, F8 (Flyball, 8RXD)
Runner from 3rd tags up, SCORES, no throw
Batting: SHB Billy Dotson 0-0: Called Strike
0-1: Ball
1-1: Ball
2-1: Foul Ball, location: 2F
2-2: Ball
3-2: Ground out 5-3 (Groundball, 6)
Bottom of the 5th over - 2 runs, 1 hit, 0 errors, 0 left on base; Boston 1 - Portland 3
TOP OF THE 6TH
Boston Patriots batting - Pitching for Portland Evergreens : RHP Jorge Otero
Batting: LHB Jorge Alejándrez 0-0: Foul Ball, location: 2F
0-1: Ball
1-1: Ball
2-1: Swinging Strike
2-2: Ground out U3 (Groundball, 3)
Batting: RHB Anselmo Berneu 0-0: Ball
1-0: Swinging Strike
1-1: Ball
2-1: Foul Ball, location: 2F
2-2: Ball
3-2: Strikes out swinging
Batting: RHB Dennis Wacher 0-0: Ball
1-0: Ball
2-0: Foul Ball, location: 2F
2-1: Called Strike
2-2: Ground out 6-3 (Groundball, 6)
Top of the 6th over - 0 runs, 0 hits, 0 errors, 0 left on base; Boston 1 - Portland 3
BOTTOM OF THE 6TH
Portland Evergreens batting - Pitching for Boston Patriots : RHP Natalino Golaio
Batting: LHB Shahid Afridi 0-0: Ball
1-0: Ball
2-0: Ball
3-0: Ground out 4-3 (Groundball, 4)
Batting: RHB Nelson Jaramillo 0-0: Ball
1-0: Foul Ball, location: 2F
1-1: Foul Ball, location: 2F
1-2: Ball
2-2: Ball
3-2: Base on Balls
Batting: LHB John Ennis 0-0: Ball
Nelson Jaramillo steals 2nd base
1-0: Intentional Walk
Batting: LHB Calvin Wilms 0-0: Called Strike
0-1: Swinging Strike
0-2: Ball
1-2: Strikes out swinging
Pitching: LHP José Sánchez
Batting: SHB Willie McGirt 0-0: Ball
Passed Ball!
Nelson Jaramillo to third
John Ennis to second
1-0: Called Strike
1-1: Called Strike
1-2: Foul Ball, location: 2F
1-2: Ball
2-2: Ball
3-2: 3-RUN HOME RUN (Flyball, 7D), Distance : 405 ft
Batting: RHB Tae-cho Han 0-0: Ball
1-0: Fly out, F7 (Line Drive, 7)
Bottom of the 6th over - 3 runs, 1 hit, 0 errors, 0 left on base; Boston 1 - Portland 6
TOP OF THE 7TH
Boston Patriots batting - Pitching for Portland Evergreens : RHP Jorge Otero
Pitching: LHP Gabriel Valenzuela
Batting: LHB Stanley Belote 0-0: Called Strike
0-1: Fly out, F8 (Flyball, 8LXD)
Batting: LHB Adrián Gómez 0-0: Ball
1-0: Ball
2-0: Ground out 6-3 (Groundball, 6M)
Batting: LHB Juan Alvarado 0-0: Swinging Strike
0-1: Ball
1-1: Called Strike
1-2: Ball
2-2: Ball
3-2: SINGLE (Line Drive, 9LS)
Batting: RHB Francisco Agámez 0-0: Ball
1-0: Called Strike
1-1: Called Strike
Juan Alvarado steals 2nd base
1-2: Fly out, F8 (Flyball, 8LM)
Top of the 7th over - 0 runs, 1 hit, 0 errors, 1 left on base; Boston 1 - Portland 6
BOTTOM OF THE 7TH
Portland Evergreens batting - Pitching for Boston Patriots : LHP José Sánchez
Batting: LHB Chris Payling 0-0: Called Strike
0-1: Called Strike
0-2: Strikes out swinging
Batting: RHB Blaze Alexander 0-0: Called Strike
0-1: Foul Ball, location: 2F
0-2: Foul Ball, location: 2F
0-2: Ball
1-2: Ball
2-2: SINGLE (Groundball, 6MD)
Batting: SHB Billy Dotson 0-0: Called Strike
0-1: Fly out, F8 (Flyball, 78D)
Batting: LHB Shahid Afridi 0-0: Fly out, F8 (Flyball, 8RM)
Bottom of the 7th over - 0 runs, 1 hit, 0 errors, 1 left on base; Boston 1 - Portland 6
TOP OF THE 8TH
Boston Patriots batting - Pitching for Portland Evergreens : LHP Gabriel Valenzuela
Batting: LHB Manuel Carmona 0-0: Ball
1-0: Ball
2-0: Called Strike
2-1: Ground out 5-3 (Groundball, 56S)
Batting: SHB Edward Sterrenburg 0-0: Ball
1-0: SOLO HOME RUN (Flyball, 7D), Distance : 399 ft
Batting: LHB Jorge Alejándrez 0-0: Fly out, F9 (Flyball, 9LMF)
Batting: RHB Anselmo Berneu 0-0: Ball
1-0: SINGLE (Groundball, 4D)
Batting: RHB Dennis Wacher 0-0: Ball
1-0: Called Strike
1-1: Foul Ball, location: 2F
1-2: Strikes out swinging
Top of the 8th over - 1 run, 2 hits, 0 errors, 1 left on base; Boston 2 - Portland 6
BOTTOM OF THE 8TH
Portland Evergreens batting - Pitching for Boston Patriots : LHP José Sánchez
Batting: RHB Nelson Jaramillo 0-0: Called Strike
0-1: Ball
1-1: Ball
2-1: Foul Ball, location: 2F
2-2: Ball
3-2: Fly out, F7 (Flyball, 7S)
Batting: LHB John Ennis 0-0: Ball
1-0: Ground out 4-3 (Groundball, 4)
Batting: LHB Calvin Wilms 0-0: Ball
1-0: Ball
2-0: Called Strike
2-1: Foul Ball, location: 2F
2-2: Ball
3-2: Base on Balls
Pitching: RHP Dave Hulton
Batting: SHB Willie McGirt 0-0: Ball
1-0: Swinging Strike
1-1: Ball
2-1: Swinging Strike
2-2: Strikes out swinging
Bottom of the 8th over - 0 runs, 0 hits, 0 errors, 1 left on base; Boston 2 - Portland 6
TOP OF THE 9TH
Boston Patriots batting - Pitching for Portland Evergreens : LHP Gabriel Valenzuela
Batting: LHB Stanley Belote 0-0: SINGLE (Groundball, 4M) (infield hit)
Batting: LHB Adrián Gómez 0-0: Ball
1-0: Called Strike
1-1: Ball
2-1: Ball
3-1: Fly out, F6 (Popup, 6)
Batting: LHB Juan Alvarado 0-0: Ground out 4-3 (Groundball, 34)
Stanley Belote to second
Batting: RHB Francisco Agámez 0-0: Called Strike
0-1: Foul Ball, location: 2F
0-2: Ball
1-2: Ball
2-2: Ball
3-2: Base on Balls
Batting: LHB Manuel Carmona 0-0: Ball
1-0: Ball
2-0: Ball
3-0: Called Strike
3-1: Fly out, F7 (Flyball, 7S)
Top of the 9th over - 0 runs, 1 hit, 0 errors, 2 left on base; Boston 2 - Portland 6
Friday, March 29th, 2019 - OOTP Baseball 18.8 Build 76